 Dungeon Crawl Stone Soup version 0.21.1-1-g345015f (webtiles) character file.

344 Hylith the Grave Robber (level 6, -3/44 HPs)
             Began as a Gnoll Necromancer on Apr 15, 2018.
             Slain by an iguana (4 damage)
             ... on level 4 of the Dungeon.
             The game lasted 00:18:23 (3444 turns).

Hylith the Grave Robber (Gnoll Necromancer)         Turns: 3444, Time: 00:18:24

Health: -3/44      AC:  8    Str: 10    XL:     6   Next: 58%
Magic:  7/14       EV: 11    Int: 19    God:
Gold:   221        SH:  0    Dex: 18    Spells: 3/15 levels left

rFire    . . .     SeeInvis .   n - +0 trident (protect)
rCold    . . .     Gourm    .   (no shield)
rNeg     . . .     Faith    .   o - +0 scale mail
rPois    .         Spirit   .   w - +0 helmet
rElec    .         Reflect  .   (no cloak)
rCorr    .         Harm     .   e - +0 pair of gloves
MR       .....                  (no boots)
Stlth    ++........             (no amulet)
HPRegen  1.14/turn              a - +2 ring of dexterity
MPRegen  0.14/turn              (no ring)

@: lethally poisoned (-3 -> -3), regenerating
A: distributed training, fangs 1, strong nose
a: no special abilities


You were on level 4 of the Dungeon.
You were very hungry.

You visited 1 branch of the dungeon, and saw 4 of its levels.

You collected 221 gold pieces.

Inventory:

Hand Weapons
 m - a +0 hand axe
 n - a +0 trident of protection (weapon)
Armour
 e - a +0 pair of gloves (worn)
 o - a +0 scale mail (worn)
 w - a +0 helmet (worn)
Jewellery
 a - a +2 ring of dexterity (left hand)
Wands
 r - a wand of flame (26)
Scrolls
 d - 2 scrolls of remove curse
 g - a scroll of amnesia {unknown}
 h - a scroll of magic mapping
 j - a scroll of random uselessness {unknown}
 l - a scroll of identify {unknown}
 p - a scroll of enchant armour {unknown}
 t - a scroll of noise {unknown}
Potions
 f - a potion of berserk rage {unknown}
 i - 2 potions of flight {unknown}
 k - 2 potions of brilliance {unknown}
 s - a potion of lignification {unknown}
 u - a potion of invisibility {unknown}
 v - a potion of magic {unknown}
Books
 b - a book of Necromancy

   Spells                             Type                      Level
   a - Pain                           Necromancy                   1
   b - Animate Skeleton               Necromancy                   1
   c - Vampiric Draining              Necromancy                   3
   d - Regeneration                   Charms/Necromancy            3
   e - Animate Dead                   Necromancy                   4
   f - Borgnjor's Vile Clutch         Necromancy/Earth             5
 q - a book of Minor Magic

   Spells                             Type                      Level
   a - Magic Dart                     Conjuration                  1
   b - Blink                          Translocation                2
   c - Call Imp                       Summoning                    2
   d - Slow                           Hexes                        2
   e - Conjure Flame                  Conjuration/Fire             3
   f - Mephitic Cloud                 Conjuration/Poison/Air       3
Comestibles
 c - 11 rations


   Skills:
 + Level 2.0 Fighting
 + Level 2.0 Short Blades
 + Level 2.0 Long Blades
 + Level 2.0 Axes
 + Level 2.0 Maces & Flails
 + Level 2.0 Polearms
 + Level 2.0 Staves
 + Level 2.0 Slings
 + Level 2.0 Bows
 + Level 2.0 Crossbows
 + Level 2.0 Throwing
 + Level 2.0 Armour
 + Level 5.0 Dodging
 + Level 4.6 Stealth
 + Level 2.0 Shields
 + Level 2.0 Unarmed Combat
 + Level 5.4 Spellcasting
 + Level 1.5 Conjurations
 + Level 1.5 Hexes
 + Level 1.5 Charms
 + Level 1.5 Summonings
 + Level 7.3 Necromancy
 + Level 1.5 Translocations
 + Level 1.5 Transmutations
 + Level 1.5 Fire Magic
 + Level 1.5 Ice Magic
 + Level 1.5 Air Magic
 + Level 1.5 Earth Magic
 + Level 1.5 Poison Magic
 + Level 2.2 Invocations
 + Level 2.0 Evocations


You had 3 spell levels left.
You knew the following spells:

 Your Spells              Type           Power        Failure   Level  Hunger
a - Pain                  Necr           ####         3%          1    None
b - Animate Skeleton      Necr           N/A          3%          1    None
c - Regeneration          Chrm/Necr      ###.......   36%         3    ##.....
d - Borgnjor's Vile Clut  Necr/Erth      ###.......   98%         5    #####..
e - Blink                 Tloc           N/A          52%         2    None


Dungeon Overview and Level Annotations

Branches:
Dungeon (4/15)
 Temple: D:4-7

Altars:
Gozag


Innate Abilities, Weirdness & Mutations

Your experience applies equally to all skills.
You have very sharp teeth.
Your uncanny sense of smell can sniff out nearby items.


Message History

The adder is severely wounded.
The adder barely misses you. The adder bites you.
You hit the adder.
You kill the adder!
You feel sick.
You closely miss the iguana. The iguana bites you.
* * * LOW HITPOINT WARNING * * *
The iguana barely misses you.
You closely miss the iguana. The iguana barely misses you.
You closely miss the iguana.
You feel sick. The iguana completely misses you.
You closely miss the iguana. The iguana bites you!
* * * LOW HITPOINT WARNING * * *
Your scale mail prevents you from hitting the iguana.
The iguana bites you but does no damage.
The iguana bites you.
* * * LOW HITPOINT WARNING * * *
Casting: Regeneration
Confirm with . or Enter, or press ? or * to list all spells.
Your skin crawls.
You feel sick. The iguana bites you.
You die...

...... ....................
###.#.#.####..#.####.#.#.##...#
........l........... #.#.##...#
##.#.#.####..##... #)#.##...#
#.# #..# .. ..#.##.... #.#
#..##.... ###...†...
######l####........ . #.......
#.........#.#####.... #.......
#.........#Ol@....... #.......
............########...
#....... ...........## #.......
.!.........##+####### #.......
..................... #####+##
........)............ .# ###+##
..................... .. #.....
.......###........ #.##.....
....... #.##########.##.....


You could see an ogre and an iguana.

Vanquished Creatures
  A centaur skeleton (D:4)
  An orc priest (D:3)
  An orc wizard (D:4)
  An iguana (D:4)
  Jessica (D:2)
  Terence (D:2)
  Natasha (twice) (D:3)
  Robin (D:2)
  2 adders
  An ooze (D:3)
  2 worms
  2 dart slugs (D:1)
  3 leopard geckos
  7 orcs
  2 ball pythons
  2 giant cockroaches
  15 goblins
  4 hobgoblins
  8 jackals
  5 bats
  4 frilled lizards
  9 kobolds
  9 rats
84 creatures vanquished.

Notes
Turn   | Place    | Note
-------+----------+-------------------------------------------
     0 | D:1      | Hylith the Gnoll Necromancer began the quest for the Orb.
     0 | D:1      | Reached XP level 1. HP: 13/13 MP: 6/6
     2 | D:1      | Learned a level 1 spell: Animate Skeleton
   158 | D:1      | Reached XP level 2. HP: 9/19 MP: 1/7
   691 | D:1      | Reached XP level 3. HP: 15/25 MP: 2/9
   785 | D:1      | Reached skill level 5 in Spellcasting
   983 | D:1      | Learned a level 3 spell: Regeneration
  1282 | D:2      | Noticed Terence
  1389 | D:2      | Killed Terence
  1389 | D:2      | Reached skill level 1 in Fighting
  1389 | D:2      | Reached skill level 1 in Short Blades
  1389 | D:2      | Reached skill level 1 in Long Blades
  1389 | D:2      | Reached skill level 1 in Axes
  1389 | D:2      | Reached skill level 1 in Maces & Flails
  1389 | D:2      | Reached skill level 1 in Polearms
  1389 | D:2      | Reached skill level 1 in Staves
  1389 | D:2      | Reached skill level 1 in Slings
  1389 | D:2      | Reached skill level 1 in Bows
  1389 | D:2      | Reached skill level 1 in Crossbows
  1389 | D:2      | Reached skill level 1 in Throwing
  1389 | D:2      | Reached skill level 1 in Armour
  1389 | D:2      | Reached skill level 1 in Shields
  1389 | D:2      | Reached skill level 1 in Unarmed Combat
  1389 | D:2      | Reached skill level 1 in Invocations
  1389 | D:2      | Reached skill level 1 in Evocations
  1389 | D:2      | Reached XP level 4. HP: 31/32 MP: 6/11
  1629 | D:2      | Noticed Robin
  1642 | D:2      | Killed Robin
  1655 | D:2      | Noticed Jessica
  1666 | D:2      | Killed Jessica
  1666 | D:2      | Reached skill level 1 in Conjurations
  1666 | D:2      | Reached skill level 1 in Hexes
  1666 | D:2      | Reached skill level 1 in Charms
  1666 | D:2      | Reached skill level 1 in Summonings
  1666 | D:2      | Reached skill level 1 in Translocations
  1666 | D:2      | Reached skill level 1 in Transmutations
  1666 | D:2      | Reached skill level 1 in Fire Magic
  1666 | D:2      | Reached skill level 1 in Ice Magic
  1666 | D:2      | Reached skill level 1 in Air Magic
  1666 | D:2      | Reached skill level 1 in Earth Magic
  1666 | D:2      | Reached skill level 1 in Poison Magic
  1666 | D:2      | Reached XP level 5. HP: 7/37 MP: 0/12
  1733 | D:2      | Found an opulent altar of Gozag.
  1982 | D:2      | Learned a level 5 spell: Borgnjor's Vile Clutch
  2739 | D:3      | Noticed Natasha
  2752 | D:3      | Killed Natasha
  3112 | D:3      | Noticed Natasha
  3115 | D:3      | Killed Natasha
  3194 | D:3      | Learned a level 2 spell: Blink
  3215 | D:4      | Reached XP level 6. HP: 39/44 MP: 11/13
  3395 | D:4      | Reached skill level 5 in Dodging
  3441 | D:4      | HP: 1/44 [iguana (9)]
  3444 | D:4      | Slain by an iguana

Skill      XL: |  1  2  3  4  5  6 |
---------------+-------------------+-----
Spellcasting   | 5 |  5.4
Fighting       | 1 2 |  2.0
Short Blades   | 1 2 |  2.0
Long Blades    | 1 2 |  2.0
Axes           | 1 2 |  2.0
Maces & Flails | 1 2 |  2.0
Polearms       | 1 2 |  2.0
Staves         | 1 2 |  2.0
Slings         | 1 2 |  2.0
Bows           | 1 2 |  2.0
Crossbows      | 1 2 |  2.0
Throwing       | 1 2 |  2.0
Armour         | 1 2 |  2.0
Shields        | 1 2 |  2.0
Unarmed Combat | 1 2 |  2.0
Invocations    | 1 2 |  2.2
Evocations     | 1 2 |  2.0
Conjurations   | 1 |  1.5
Hexes          | 1 |  1.5
Charms         | 1 |  1.5
Summonings     | 1 |  1.5
Translocations | 1 |  1.5
Transmutations | 1 |  1.5
Fire Magic     | 1 |  1.5
Ice Magic      | 1 |  1.5
Air Magic      | 1 |  1.5
Earth Magic    | 1 |  1.5
Poison Magic   | 1 |  1.5
Dodging        | 5 |  5.0
Stealth        | |  4.6
Necromancy     | |  7.3

Action                   |  1- 3 |  4- 6 || total
-------------------------+-------+-------++-------
Melee: Trident           |       |   106 ||   106
       Bite              |       |    14 ||    14
 Cast: Pain              |    56 |    68 ||   124
       Regeneration      |     2 |     6 ||     8
  Use: Scroll            |       |     2 ||     2
 Stab: Sleeping          |       |     2 ||     2
  Eat: Chunk             |       |     8 ||     8
Armor: Robe              |     7 |       ||     7
       Scale mail        |       |    50 ||    50
Dodge: Dodged            |    16 |    77 ||    93
